 Dungeon Crawl Stone Soup version 0.18-a0-1211-g828307d (webtiles) character file.

202 namelastname112 the Chopper (level 5, -8/47 HPs)
             Began as a Draconian Chaos Knight on Feb 2, 2016.
             Mangled by an iguana (13 damage)
             ... on level 4 of the Dungeon.
             The game lasted 00:04:16 (2715 turns).

namelastname112 the Chopper (DrCK)                  Turns: 2715, Time: 00:04:16

Health: -8/47      AC:  5    Str: 14    XL:     5   Next: 50%
Magic:  5/5        EV: 13    Int: 13    God:    Xom [.....*]
Gold:   146        SH:  0    Dex: 11    Spells: 0 memorised, 4 levels left

rFire  + . .     SeeInvis .     a - +0 hand axe (chaos)
rCold  x . .     Gourm    .     (armour unavailable)
rNeg   . . .     Faith    .     (no shield)
rPois  .         Spirit   .     (helmet restricted)
rElec  .         Dismiss  .     (no cloak)
rCorr  +         Reflect  .     (no gloves)
SustAt .         Harm     .     (no boots)
MR     .....                    (no amulet)
Stlth  +.........               m - ring of resist corrosion
                                c - ring of fire (curse)

@: very slightly contaminated, invisible, not resistant to hostile enchantments,
very unstealthy
A: unfitting armour, cold-blooded, AC +5
a: Renounce Religion


You were on level 4 of the Dungeon.
You worshipped Xom.
You were Xom's teddy bear.
You were hungry.

You visited 1 branch of the dungeon, and saw 4 of its levels.

You collected 146 gold pieces.

Inventory:

Hand Weapons
 a - a +0 hand axe of chaos (weapon)
Missiles
 k - 7 tomahawks (quivered)
Armour
 f - a +0 buckler
Jewellery
 c - a cursed ring of fire (left hand)
 m - a ring of resist corrosion (right hand)
Scrolls
 d - a scroll of magic mapping
 e - a scroll of identify
 l - a scroll of blinking
Potions
 h - 2 potions of curing
 i - 2 potions of flight
Books
 j - Xom's Tome of the Hundredfold Mice
   (Xom gifted it to you on level 3 of the Dungeon)

   Spells                             Type                      Level
   a - Animate Skeleton               Necromancy                   1
   b - Pain                           Necromancy                   1
   c - Leda's Liquefaction            Hexes/Earth                  4
   d - Control Undead                 Necromancy                   4
   e - Shatter                        Earth                        9
Comestibles
 b - 3 bread rations


   Skills:
 + Level 4.4 Fighting
 * Level 4.8 Axes
 + Level 3.2 Dodging


You had 4 spell levels left.
You didn't know any spells.

Dungeon Overview and Level Annotations

Branches:
Dungeon (4/15)
 Temple: D:4-7

Altars:
Pakellas
Ru
Vehumet

Annotations:
D:4 Menkaure


Innate Abilities, Weirdness & Mutations

Your plain brown scales are hard (AC +5).
Your body does not fit into most forms of armour.
You are cold-blooded and may be slowed by cold attacks.


Message History

You hit something but do no damage. Menkaure barely misses you.
The giant newt misses you. Something bites you.
You hit Menkaure but do no damage.
Menkaure seems to speed up.
Your tail-slap misses Menkaure.
Menkaure is heavily damaged.
You miss something.
You hit the giant newt but do no damage.
You drain the giant newt!
You kill the giant newt! "This is how I like it!"
You swap places with Menkaure.
Menkaure gestures ominously.
Menkaure completely misses you. Something bites you. Menkaure hits you!
* * * LOW HITPOINT WARNING * * *
Unknown command.
You hit Menkaure. You burn Menkaure.
Your tail-slap misses Menkaure.
Menkaure is severely damaged.
You hit something but do no damage. Something bites you!
You die...
Xom snickers!

########### #
#.........##.#
#............
#.....!...#
#.....†...#
#.....M...###
#....@........
##############


You could see Menkaure.

Vanquished Creatures
  An ogre (D:3)
  2 worker ant zombies (D:3)
  4 gnolls (D:2)
  4 adders
  2 oozes
  A worm (D:3)
  An orc (D:3)
  10 bats
  A giant cockroach (D:3)
  5 goblins
  8 hobgoblins
  2 jackals (D:1)
  2 quokkas
  2 giant newts
  9 kobolds
  8 rats
62 creatures vanquished.

Notes
Turn   | Place    | Note
--------------------------------------------------------------
     0 | D:1      | namelastname112 the Draconian Chaos Knight began the quest for the Orb.
     0 | D:1      | Reached XP level 1. HP: 19/19 MP: 1/1
    75 | D:1      | Reached XP level 2. HP: 13/26 MP: 2/2
   103 | D:1      | XOM: cast spell 'Statue Form'
   372 | D:1      | XOM: silly message
   391 | D:1      | XOM: divination: magic mapping
   597 | D:2      | Reached XP level 3. HP: 29/31 MP: 3/3
   909 | D:2      | Reached skill level 4 in Axes
   997 | D:2      | Reached XP level 4. HP: 31/40 MP: 4/4
  1330 | D:2      | XOM: mild Summ miscast
  1369 | D:2      | XOM: divination: magic mapping
  1698 | D:2      | Found an oddly glowing altar of Pakellas.
  1792 | D:3      | XOM: confuse monster(s)
  1823 | D:3      | XOM: god gift: antique book {god gift}
  1826 | D:3      | Identified Xom's Tome of the Hundredfold Mice (Xom gifted it to you on level 3 of the Dungeon)
  2122 | D:3      | Reached XP level 5. HP: 35/46 MP: 5/5
  2161 | D:3      | Found a sacrificial altar of Ru.
  2175 | D:3      | Noticed an ogre
  2175 | D:3      | XOM: confuse monster(s)
  2204 | D:3      | XOM: divination: magic mapping
  2205 | D:3      | XOM: fog
  2207 | D:3      | XOM: smoke on damage
  2210 | D:3      | XOM: divine lightning (protected)
  2243 | D:3      | Killed an ogre
  2437 | D:3      | Found a radiant altar of Vehumet.
  2706 | D:4      | Noticed Menkaure
  2714 | D:4      | XOM: swap monsters
  2715 | D:4      | Mangled by an iguana

Vault maps used:
D:1:      evilmike_arrival_fibonacci_small
D:2:      minmay_tree_intersection, grunt_pakellas_sulfur
D:3:      lemuel_round_altar, vehumet_crystals, st_stairs_5, grunt_ministairs_5,
          roderic_bipointed_swastika
D:4:      first_bread, eino_small_chamber_without_monster, uniq_natasha,
          uniq_menkaure

Action                   |  1- 3 |  4- 6 || total
-------------------------+-------+-------++-------
Melee: Hand axe          |   102 |   113 ||   215
  Use: Scroll            |       |     8 ||     8
       Potion            |       |     1 ||     1
 Stab: Paralysed         |     2 |       ||     2
       Confused          |       |     1 ||     1
       Sleeping          |       |     1 ||     1
  Eat: Chunk             |       |     5 ||     5
